 Dungeon Crawl Stone Soup version 0.14.0-24-gfb45beb (webtiles) character file.

366 Qrupt the Skirmisher (level 6, -4/48 HPs)
             Began as a Demonspawn Gladiator on Apr 22, 2014.
             Slain by a slave (6 damage)
             ... led by Pikel
             ... on Level 4 of the Dungeon.
             The game lasted 00:09:50 (3279 turns).

Qrupt the Skirmisher (Demonspawn Gladiator)         Turns: 3279, Time: 00:09:51

HP  -4/48        AC  6     Str 16      XL: 6   Next:  4%
MP   6/6         EV 14     Int  9      God:
Gold 89          SH  0     Dex 15      Spells:  0 memorised,  5 levels left

rFire  . . .     SeeInvis .     a - +0 war axe
rCold  . . .     Clarity  .     u - +2 robe {MR+}
rNeg   + . .     Conserve .     (no shield)
rPois  .         rCorr    .     c - +0 helmet
rElec  .         rRot     .     l - +0 cloak
SustAb . .       Spirit   .     (no gloves)
rMut   .         Warding  +     (no boots)
Saprov . . .     Stasis   .     A - amulet of warding
MR     +....                    t - ring of flight
                                k - ring of sustenance

@: somewhat resistant to hostile enchantments, unstealthy
A: claws 1, demonic guardian 1, powered by pain 1
a: Evoke Flight


You were on level 4 of the Dungeon.
You were not hungry.

You visited 1 branch of the dungeon, and saw 4 of its levels.

You collected 89 gold pieces.

Inventory:

Hand weapons
 a - a +0,+0 war axe (weapon)
Armour
 b - a +1 pair of boots
 c - a +0 helmet (worn)
 l - a +0 cloak (worn)
 n - a +1 robe of fire resistance
 u - a +2 robe of magic resistance (worn)
Magical devices
 p - a wand of digging (4)
 q - a wand of slowing (0)
 C - a wand of lightning (0)
Comestibles
 f - 3 bread rations
 m - a sausage
 x - an apple
Scrolls
 e - 2 scrolls of remove curse
 g - a scroll of fog {unknown}
 h - a scroll of recharging {unknown}
 i - a scroll of blinking {unknown}
 j - 3 scrolls of fear {unknown}
 r - a scroll of enchant armour {unknown}
Jewellery
 k - a ring of sustenance (left claw)
 t - a ring of flight (right claw)
 w - an uncursed amulet of resist mutation
 A - an amulet of warding (around neck)
 B - an uncursed amulet of inaccuracy {unknown}
Potions
 o - 3 potions of heal wounds
 s - 2 potions of curing
 v - a potion of beneficial mutation {unknown}
 z - 2 potions of berserk rage {unknown}
Books
 y - a book of Wizardry

   Spells                             Type                      Level
   Summon Elemental                   Summoning                    4
   Agony                              Necromancy                   5
   Force Lance                        Conjuration                  5
   Haste                              Charms                       6
   Invisibility                       Hexes                        6
   Spellforged Servitor               Conjuration/Summoning        7


   Skills:
 + Level 4.1 Fighting
 + Level 4.1 Axes
 - Level 1.7 Throwing
 + Level 4.0 Dodging


You had 5 spell levels left.
You didn't know any spells.

Dungeon Overview and Level Annotations

Branches:
Dungeon (4/15)
 Temple: D:4-7

Altars:

Annotations:
D:4 Pikel


Innate Abilities, Weirdness & Mutations

You have sharp fingernails.
A weak demonic guardian rushes to your aid.
You sometimes gain a little power by taking damage.


Message History

You hit the slave but do no damage.
The slave is heavily wounded.
You hit Pikel but do no damage.
Pikel is almost dead.
You closely miss the slave.
The slave is heavily wounded.
Pikel struggles against the net.
Your crimson imp disappears in a puff of smoke!
The slave misses you. The slave closely misses you. The slave misses you.
You closely miss the slave.
The slave is heavily wounded.
You hit Pikel but do no damage.
Pikel is almost dead.
You barely miss the slave.
The slave is heavily wounded.
Pikel struggles against the net. x2
The slave hits you!
* * * LOW HITPOINT WARNING * * *
The kobold misses you. The slave barely misses you. The slave hits you.
You die...

... #........##.##.##.# ##.
##.......##.......# .
##...########.#### # #. #...#
#.# #.#..#### #...# ###.#####
......# #...# #......[.
#.##.###...######......##
#..w.....@.....%.......##
##.##......K@K(..(...........
..............@........##...##
##.##.##.###...######......#
#.......##.....# ####....
#..#.#####.....# #.#### ##.#
#.....# #.. . ##...## ###
#...# ##.##


You could see Pikel (caught), a worm, 2 slaves and a kobold.

Vanquished Creatures
  An ice beast (D:3)
  2 slaves (D:4)
  An orc priest (D:3)
  4 adders
  A giant mite (D:2)
  A giant gecko (D:3)
  3 orcs (D:3)
  A ball python (D:1)
  9 hobgoblins
  10 bats
  2 giant cockroaches
  3 giant newts
  8 goblins
  11 jackals
  12 kobolds
  12 rats
81 creatures vanquished.

Vanquished Creatures (collateral kills)
  Sigmund (D:3)
  An adder (D:3)
2 creatures vanquished.

Vanquished Creatures (others)
  A crimson imp (D:3)
  3 quasits
  An iron imp (D:3)
  2 white imps
  2 ufetubi (D:3)
9 creatures vanquished.

Grand Total: 92 creatures vanquished

Notes
Turn   | Place    | Note
--------------------------------------------------------------
     0 | D:1      | Qrupt, the Demonspawn Gladiator, began the quest for the Orb.
     0 | D:1      | Reached XP level 1. HP: 16/16 MP: 1/1
   286 | D:1      | Gained mutation: You sometimes gain a little power by taking damage. [demonic ancestry]
   286 | D:1      | Reached XP level 2. HP: 18/23 MP: 2/2
   612 | D:1      | Reached skill level 3 in Axes
  1230 | D:2      | Gained mutation: A weak demonic guardian rushes to your aid. [demonic ancestry]
  1230 | D:2      | Reached XP level 3. HP: 17/28 MP: 3/3
  1954 | D:2      | Gained mutation: You have sharp fingernails. [demonic ancestry]
  1954 | D:2      | Reached XP level 4. HP: 35/35 MP: 4/4
  2149 | D:3      | Noticed Sigmund
  2162 | D:3      | Killed Sigmund
  2506 | D:3      | Noticed an ice beast
  2533 | D:3      | Killed an ice beast
  2533 | D:3      | Reached XP level 5. HP: 23/42 MP: 5/5
  2536 | D:3      | Reached skill level 4 in Axes
  2920 | D:3      | Reached XP level 6. HP: 43/48 MP: 6/6
  3232 | D:4      | Noticed Pikel
  3279 | D:4      | HP: 2/48 [slave[Pikel] (8)]
  3279 | D:4      | Slain by a slave

Action                   |  1- 3 |  4- 6 || total
-------------------------+-------+-------++-------
Melee: War axe           |   174 |   114 ||   288
Throw: Throwing net      |       |     3 ||     3
Evoke: Wand              |       |     6 ||     6
  Use: Scroll            |       |     6 ||     6
 Stab: Distracted        |       |     3 ||     3
